 Dungeon Crawl Stone Soup version 0.31.0-11-ge490571c62 (webtiles) character file.

Game seed: 2587084618560213994

80 qw the Shooter (level 4, -3/22 HPs)
             Began as a Spriggan Hunter on Feb 4, 2024.
             Slain by Robin
             ... wielding a +1 dagger of draining
              (4 damage)
             ... on level 2 of the Dungeon.
             The game lasted 00:00:07 (1280 turns).

qw the Shooter (Spriggan Hunter)                    Turns: 1280, Time: 00:00:07

Health: -3/22      AC:  2    Str:  7    XL:     4   Next: 18%
Magic:  5/5        EV: 19    Int: 10    God:
Gold:   61         SH:  0    Dex: 20    Spells: 3/3 levels left

rFire   . . .        a - +0 shortbow
rCold   . . .        (shield currently unavailable)
rNeg    . . .        c - +0 robe
rPois   .            (helmet restricted)
rElec   .            (no cloak)
rCorr   .            (gloves unavailable)
SInv    +            (boots unavailable)
Will    .....        (no amulet)
Stlth   ++           (no ring)
HPRegen 0.23/turn    (no ring)
MPRegen 0.09/turn

%: no passive effects
@: very quick
A: very small, no large weapons, unfitting armour, see invisible, speed 3
a: no special abilities


You were on level 2 of the Dungeon.
You visited 1 branch of the dungeon, and saw 2 of its levels.

You collected 61 gold pieces.


Innate Abilities, Weirdness & Mutations

You are very small and have problems with some larger weapons.
You are too small for most types of armour.
You have supernaturally acute eyesight. (SInv)
You cover ground extremely quickly. (Speed+++)


   Skills:
 - Level 1.5 Fighting
 - Level 5.0 Ranged Weapons
 + Level 4.5 Dodging
 - Level 1.5 Stealth


You had 3 spell levels left.
You didn't know any spells.
Your spell library was empty.

Inventory:

Hand Weapons
 a - a +0 shortbow (weapon)
Armour
 c - a +0 robe (worn)
Jewellery
 f - a ring of poison resistance
 k - an amulet of reflection
Scrolls
 b - a scroll of silence {unknown}
 g - 2 scrolls of identify
 i - 2 scrolls of noise {unknown}
Potions
 d - 2 potions of heal wounds
 e - a potion of resistance {unknown}
 h - a potion of attraction {unknown}
 j - a potion of ambrosia {unknown}

Dungeon Overview and Level Annotations

Branches:
Dungeon (2/15)

Altars:

Shops:
D:1 :([

Annotations:
D:2 Robin


Message History

A goblin comes into view. It is wielding a +0 dagger.
You shoot an arrow. The arrow hits the goblin.
You kill the goblin!
A goblin comes into view. It is wielding a +0 club. x2
You shoot an arrow. The arrow barely misses the goblin.
The goblin shouts!
The arrow hits the goblin.
You kill the goblin!
You hear a shout!
Robin says, "A pitiful Spriggan like you will never find the ORB!"
You shoot an arrow. The arrow hits the goblin.
The goblin is severely wounded.
A goblin comes into view. It is wielding a +3 dagger.
A goblin comes into view. It is wielding a +0 club.
The goblin hits you with a +0 club.
You shoot an arrow. The arrow barely misses the goblin.
The goblin completely misses you. The goblin closely misses you.
You shoot an arrow. The arrow closely misses the goblin.
The goblin misses you.
A hobgoblin comes into view.
The goblin completely misses you.
You shoot an arrow. The hobgoblin shouts!
The arrow hits the goblin!
You kill the goblin!
Robin roars a battlecry!
The goblins go into a battle-frenzy!
The goblin closely misses you.
You shoot an arrow. The arrow hits the goblin!
You kill the goblin!
Robin throws the goblin at you! The goblin hits you with a +0 club.
You shoot an arrow. The arrow hits the goblin.
You kill the goblin!
The goblin misses you.
You shoot an arrow. The arrow hits Robin!
Robin is heavily wounded.
Robin misses you. The goblin hits you with a +3 dagger! The goblin misses you.
Robin hits you with a +1 dagger of draining.
You die...
Robin lets out a smug laugh.

.....................
##.....#.....##.....####
.......#######..###.#.%.
.#.....................:
.......#######.#........
##..........##.#......).
..####......##.#.g.g)...
.. #..##...#.#gg...... .
##...##...#@#
###..##..g.##
##..##....###
#.........##
..##........#
.....####..# ......#
#### ......# #######


You could see Robin, a hobgoblin (strong) and 3 goblins.

Vanquished Creatures
  2 adders
  3 dart slugs
  6 ball pythons
  4 endoplasms
  2 giant cockroaches (D:1)
  8 goblins
  7 hobgoblins
  2 jackals
  A quokka (D:2)
  5 bats
  7 frilled lizards
  3 kobolds (D:1)
  6 rats
56 creatures vanquished.

Notes
Turn   | Place    | Note
-------+----------+-------------------------------------------
     0 | D:1      | qw the Spriggan Hunter began the quest for the Orb.
     0 | D:1      | Reached XP level 1. HP: 10/10 MP: 2/2
     0 | D:1      | 0 ||| qw: Version: 0.3-a-160-g6735b56
     0 | D:1      | 0 ||| qw: Game counter: 4428
     0 | D:1      | 0 ||| qw: Melee chars always use a shield: true
     0 | D:1      | 0 ||| qw: God list: Okawaru
     0 | D:1      | 0 ||| qw: Allow faded altars: false
     0 | D:1      | 0 ||| qw: Do Orc after clearing Dungeon:15 true
     0 | D:1      | 0 ||| qw: Do second Lair branch before Depths: true
     0 | D:1      | 0 ||| qw: Lair rune preference: random
     0 | D:1      | 0 ||| qw: Goals: Normal
     0 | D:1      | 0 ||| PLANNING D:1-11
    18 | D:1      | Reached skill level 3 in Dodging
    48 | D:1      | Found a faded altar of an unknown god.
    54 | D:1      | Found Qinn's Weapon Emporium.
   134 | D:1      | Found Goxeontuo's Antique Armour Shop.
   193 | D:1      | Reached XP level 2. HP: 14/14 MP: 3/3
   394 | D:1      | Found Erideul's Vocational Training.
   745 | D:1      | Reached XP level 3. HP: 18/18 MP: 4/4
   834 | D:1      | 834 ||| READING scroll labelled VITOIMM QALUR.
   835 | D:1      | 835 ||| READING 3 scrolls labelled WANUEG CIECEH.
   835 | D:1      | 835 ||| IDENTIFYING brown potion
   836 | D:1      | 836 ||| READING 2 scrolls of identify.
   836 | D:1      | 836 ||| IDENTIFYING bubbling grey potion
   837 | D:1      | 837 ||| DROPPING scroll of butterflies.
   838 | D:1      | 838 ||| DROPPING potion of invisibility.
   856 | D:2      | 856 ||| STAIRDANCE
   925 | D:2      | 925 ||| STAIRDANCE
   931 | D:2      | 931 ||| STAIRDANCE
   942 | D:2      | 942 ||| STAIRDANCE
   950 | D:2      | 950 ||| STAIRDANCE
   967 | D:2      | 967 ||| STAIRDANCE
  1030 | D:2      | 1030 ||| STAIRDANCE
  1077 | D:2      | Reached skill level 5 in Ranged Weapons
  1096 | D:2      | Reached XP level 4. HP: 22/22 MP: 5/5
  1269 | D:2      | Noticed Robin
  1280 | D:2      | HP: 1/22 [goblin/+3 dagger[Robin] (8)]
  1280 | D:2      | Slain by Robin

Levels and vault maps discovered:
D:1:      roadster_arrival_rocket_large, layout_loops_corners, serial_shops,
          nicolae_shop_scrapyard, shop, shapermc_ecumenical_altar_totnotflames,
          nicolae_shop_vocational
D:2:      layout_rooms, uniq_robin

Skill      XL: |  1  2  3 |
---------------+----------+-----
Dodging        | 3 4 |  4.5
Ranged Weapons | 5 |  5.0
Fighting       | |  1.5
Stealth        | |  1.5

Action                     |  1- 3 |  4- 6 || total
---------------------------+-------+-------++-------
   Fire: Shortbow          |   104 |    27 ||   131
    Use: Scroll            |     3 |       ||     3
 Armour: Robe              |    14 |     6 ||    20
  Dodge: Dodged            |    61 |    11 ||    72

Table legend:
 A = Non-vault XP
 B = Vault XP
 C = Vault XP percentage of total XP
 D = Non-vault monster count
 E = Vault monster count
 F = Vault count percentage of total count
                 A         B        C        D         E       F
            +---------+---------+-------+---------+---------+-------
      Total |     106 |       9 |   7.8 |      50 |       6 |  10.7
            +---------+---------+-------+---------+---------+-------
        D:1 |      67 |       0 |   0.0 |      34 |       0 |   0.0
        D:2 |      39 |       9 |  18.8 |      16 |       6 |  27.3
            +---------+---------+-------+---------+---------+-------
